 Dungeon Sprint DCSS version 0.31-a0-408-gb642c7f9a3 (webtiles) character file.

Game seed: 5090560197227479978

887 rocky1 the Martial Artist (level 8, -6/49 HPs)
             Began as an Octopode Shapeshifter on July 30, 2023.
             Was an Initiate of Gozag.
             Mangled by a jumping spider (17 damage)
             ... in the Dungeon (Sprint VII: "The Pits").
             The game lasted 00:02:22 (949 turns).

rocky1 the Martial Artist (Octopode Shapeshifter)    Turns: 949, Time: 00:02:23

Health: -6/49      AC:  1    Str: 14    XL:     8   Next: 5%
Magic:  8/8        EV:  8    Int: 10    God:    Gozag
Gold:   1539       SH:  0    Dex: 15    Spells: 7/7 levels left

rFire   . .          .
                       - Unarmed
rCold   . . .        (no shield)
rNeg    . . .        (helmet currently unavailable)
rPois   .            (no amulet)
rElec   .            (no ring)
rCorr   .            (no ring)
SInv    .            (no ring)
Will    .....        (no ring)
Stlth   ++++         (no ring)
HPRegen 0.28/turn    (no ring)
MPRegen 0.11/turn    (no ring)
                     (no ring)

%: no teleportation
@: beast-form, held
A: beast (slay +7), almost no armour, amphibious, 8 rings, camouflage 1,
gelatinous body 1, (nimble swimmer 1), tentacles
a: Begin Untransformation, Renounce Religion, Potion Petition, Call Merchant,
Bribe Branch


You were in the Dungeon.
You worshipped Gozag.
Gozag was most pleased with you.
You were a hulking beast.
You visited 1 branch You collected 1539 gold pieces.

Inventory:

Talismans
 b - a beast talisman
Scrolls
 h - a scroll of blinking
 j - 5 scrolls of amnesia
 k - a scroll of butterflies
Potions
 a - a potion of lignification
 c - 6 potions of curing
 d - 4 potions of heal wounds
 e - a potion of haste
 f - 4 potions of magic
 g - 2 potions of berserk rage
 i - 2 potions of invisibility


   Skills:
 + Level 1.7 Fighting
 + Level 5.4 Dodging
 + Level 6.1 Stealth
 + Level 11.1 Unarmed Combat
 - Level 10.1 Shapeshifting


You had 7 spell levels left.
You didn't know any spells.
Your spell library was empty.

Dungeon Overview and Level Annotations

Branches:
Dungeon (1/1)

Altars:
Ashenzari
Cheibriados
Dithmenos
Elyvilon
Fedhas
Gozag
Hepliaklqana
Kikubaaqudgha
Makhleb
Nemelex Xobeh
Okawaru
Qazlal
Ru
Sif Muna
Trog
Uskayaw
Vehumet
Wu Jian
Xom
Yredelemnul
Zin
The Shining One
Jiyva
Lugonu


Innate Abilities, Weirdness & Mutations

You are a hulking beast.
Your limbs bulge with bestial killing power. (Slay +7)
You cannot wear most types of armour.
You are amphibious.
You can wear up to eight rings at the same time.
Your skin changes colour to match your surroundings (Stealth+).
Your rubbery body absorbs attacks. (AC +1, EV +1)
((You are camouflaged when in or above water. (Stealth+)))
You have tentacles for arms and can constrict up to eight enemies at once.


Message History

You start waiting.
Done waiting.
There is an open door here.
Things that are here:
45 gold pieces; a +0 dagger What are your orders? t - Shout!
Orders for allies: a - Attack new target. r - Retreat! s - Stop attacking. g - Guard the area. f - Follow me.
Anything else - Cancel.
You shout for attention!
The jumping spider's many legs skitter faintly.
The lindwurm roars!
Items here: )) [[.
The jumping spider pounces on you.
You are caught in a web!
The jumping spider bites you.
The web tears apart.
The jumping spider leaps!
The lindwurm closely misses you. The lindwurm misses you.
The lindwurm barely misses you.
There is an open door here.
Things that are here:
45 gold pieces; a +0 dagger You bludgeon the lindwurm!
The lindwurm is moderately wounded.
The lindwurm breathes flames at you. The blast of flame hits you!!!
Ouch! That really hurt!
* * * LOW HITPOINT WARNING * * *
You are too injured to fight recklessly!
You feel much better.
The jumping spider leaps!
The lindwurm bites you.
* * * LOW HITPOINT WARNING * * *
The lindwurm completely misses you. The lindwurm claws you!
* * * LOW HITPOINT WARNING * * *
You feel much better. The jumping spider pounces on you!
* * * LOW HITPOINT WARNING * * *
You are caught in a web!
The jumping spider closely misses you. The jumping spider pounces on you!
You die...
Your body crumbles into a pile of gold.

#.#[[###'####.......#
#.##'#.....##...<...#
#.#........##.......#
#)#........##.......#
#'###########.......#
#.......#..##########
#...#...#.## ###
#...#...#)# ...#
#.##.##.#h#....#
#...#...#skĀ°...+
#...#...#'#....#
#.......).#....#
########### ####


You could see a lindwurm and a jumping spider.

Vanquished Creatures
  A warg (D)
  A water moccasin (D)
  2 ice beasts (D)
  A sky beast (D)
  An ogre (D)
  A wolf (D)
  2 scorpions (D)
  An iguana (D)
  3 orc wizards (D)
  A river rat (D)
  An ufetubus (D)
  An orc (D)
  A goblin (D)
  A quokka (D)
  A ball python (D)
  A frilled lizard (D)
  A jackal zombie (D)
  A rat (D)
22 creatures vanquished.

Notes
Turn   | Place    | Note
-------+----------+-------------------------------------------
     0 | D        | rocky1 the Octopode Shapeshifter began the quest for the
                  | Orb.
     0 | D        | Reached XP level 1. HP: 13/13 MP: 1/1
    18 | D        | Found a bloodstained altar of Trog.
    18 | D        | Found a shimmering blue altar of Sif Muna.
    18 | D        | Found a viscous altar of Jiyva.
    18 | D        | Found a hazy altar of Hepliaklqana.
    18 | D        | Found an opulent altar of Gozag.
    19 | D        | Found a glowing golden altar of the Shining One.
    19 | D        | Found a glowing silver altar of Zin.
    19 | D        | Found a basalt altar of Yredelemnul.
    19 | D        | Found a shimmering altar of Xom.
    19 | D        | Found an ornate altar of the Wu Jian Council.
    19 | D        | Found a sacrificial altar of Ru.
    19 | D        | Found a stormy altar of Qazlal.
    19 | D        | Found an iron altar of Okawaru.
    19 | D        | Found a sparkling altar of Nemelex Xobeh.
    19 | D        | Found a burning altar of Makhleb.
    19 | D        | Found a blossoming altar of Fedhas.
    19 | D        | Found a white marble altar of Elyvilon.
    19 | D        | Found a shadowy altar of Dithmenos.
    19 | D        | Found a snail-covered altar of Cheibriados.
    22 | D        | Found a corrupted altar of Lugonu.
    22 | D        | Found a radiant altar of Vehumet.
    23 | D        | Found an ancient bone altar of Kikubaaqudgha.
    23 | D        | Found a hide-covered altar of Uskayaw.
    23 | D        | Found a broken altar of Ashenzari.
    26 | D        | Became a worshipper of Gozag Ym Sagoz the Greedy
    61 | D        | Reached XP level 2. HP: 18/18 MP: 2/2
    81 | D        | Noticed a scorpion
    83 | D        | Noticed an ice beast
    86 | D        | Killed a scorpion
    87 | D        | Reached skill level 1 in Stealth
    87 | D        | Reached skill level 5 in Unarmed Combat
    87 | D        | Reached skill level 5 in Shapeshifting
    87 | D        | Reached XP level 3. HP: 23/23 MP: 3/3
    87 | D        | Reached XP level 4. HP: 28/28 MP: 4/4
    91 | D        | Killed an ice beast
    92 | D        | Reached skill level 6 in Unarmed Combat
    92 | D        | Reached XP level 5. HP: 33/33 MP: 5/5
   264 | D        | Noticed a sky beast
   265 | D        | Noticed a wolf
   265 | D        | Noticed a water moccasin
   276 | D        | Killed a sky beast
   277 | D        | Reached skill level 7 in Unarmed Combat
   277 | D        | Reached XP level 6. HP: 31/38 MP: 6/6
   416 | D        | Killed a water moccasin
   417 | D        | Reached skill level 8 in Unarmed Combat
   448 | D        | Reached skill level 9 in Unarmed Combat
   448 | D        | Reached XP level 7. HP: 24/43 MP: 7/7
   642 | D        | Noticed a warg
   646 | D        | Killed a warg
   647 | D        | Reached skill level 5 in Stealth
   647 | D        | Reached skill level 10 in Unarmed Combat
   647 | D        | Reached skill level 10 in Shapeshifting
   689 | D        | Reached skill level 5 in Dodging
   836 | D        | Noticed a lindwurm
   836 | D        | Noticed a jumping spider
   841 | D        | Reached skill level 11 in Unarmed Combat
   841 | D        | Reached XP level 8. HP: 49/49 MP: 8/8
   948 | D        | HP: 2/49 [lindwurm (9)]
   949 | D        | Mangled by a jumping spider

Illustrated notes

Levels and vault maps discovered:
D:        pitsprint [storerooms_1, entrance_room_1, metal_vault_6, armoury_1,
          mini_pit_1, grid_room_1, main_hall_1, silver_pit, the_coven_1,
          the_vestibule_1, steel_vault_4, golden_pit, hallway_of_sentries,
          crystal_vault_5, iron_vault_2, final_vault]

Skill      XL: |  1  2  3  4  5  6  7 |
---------------+----------------------+-----
Shapeshifting  | 5 7 8 9 10 | 10.1
Stealth        | 1 3 4 6 |  6.1
Unarmed Combat | 5 6 7 9 11 | 11.1
Dodging        | 3 4 5 |  5.4
Fighting       | |  1.7

Action                     |  1- 3 |  4- 6 |  7- 9 || total
---------------------------+-------+-------+-------++-------
  Melee: Unarmed           |    10 |    16 |    26 ||    52
         Constrict         |     2 |     1 |     5 ||     8
         Tentacles         |     1 |     4 |     6 ||    11
         Punch             |       |       |     2 ||     2
    Use: Potion            |     1 |       |     2 ||     3
   Stab: Sleeping          |     2 |       |       ||     2
  Dodge: Dodged            |     3 |     7 |    16 ||    26

Table legend: (Time is in decaauts)
 A = Elapsed time spent in this place.
 B = Non-inter-level travel time spent in this place.
 C = Inter-level travel time spent in this place.
 D = Time resting spent in this place.
 E = Time spent auto-exploring this place.
 F = Levels seen in this place.
 G = Mean time per level.
                   A        B        C        D        E       F      G
               +--------+--------+--------+--------+--------+-----+--------+
         Total |    954 |    933 |     21 |    702 |      0 |   1 |  954.0 |
       Dungeon |    954 |    933 |     21 |    702 |      0 |   1 |  954.0 |
               +--------+--------+--------+--------+--------+-----+--------+

Top non-repeatable levels by time:
       D: 954 daAuts
